 Dungeon Crawl Stone Soup version 0.28.0-49-g6dfe1f597d (webtiles) character file.

Game seed: 13923226558638364491

1 issech the Unbeliever (level 1, 7/13 HPs)
             Began as a Gnoll Wanderer on May 18, 2022.
             Quit the game on level 1 of the Dungeon.
             The game lasted 00:01:01 (25 turns).

issech the Unbeliever (Gnoll Wanderer)                Turns: 25, Time: 00:01:01

Health: 7/13       AC:  3    Str: 12    XL:     1   Next: 20%
Magic:  3/3        EV: 11    Int: 10    God:
Gold:   0          SH:  0    Dex: 11    Spells: 0/0 levels left

rFire   . . .      SeeInvis .   a - +0 dagger
rCold   . . .      Faith    .   (no shield)
rNeg    . . .      Spirit   .   f - +0 leather armour
rPois   .          Reflect  .   (no helmet)
rElec   .          Harm     .   (no cloak)
rCorr   .          Rampage  .   (no gloves)
Will    .....                   (no boots)
Stlth   ++........              (no amulet)
HPRegen 0.04/turn               (no ring)
MPRegen 0.08/turn               (no ring)

@: no status effects
A: fangs 1, strong nose, distributed training
a: no special abilities


You were on level 1 of the Dungeon.
You visited 1 branch of the dungeon, and saw 1 of its levels.

Inventory:

Hand Weapons
 a - a +0 dagger (weapon)
Missiles
 b - an atropa-tipped dart (quivered)
 c - 2 datura-tipped darts
Armour
 f - a +0 leather armour (worn)
Potions
 d - a potion of lignification
Miscellaneous
 e - a piece from Xom's chessboard (14/15)


   Skills:
 + Level 0.0 Fighting
 + Level 0.0 Short Blades
 + Level 0.0 Long Blades
 + Level 0.0 Axes
 + Level 0.0 Maces & Flails
 + Level 0.0 Polearms
 + Level 0.0 Staves
 + Level 0.0 Slings
 + Level 0.0 Bows
 + Level 0.0 Crossbows
 + Level 0.0 Throwing
 + Level 4.4 Armour
 + Level 2.3 Dodging
 + Level 4.0 Stealth
 + Level 0.0 Shields
 + Level 4.4 Unarmed Combat
 + Level 0.0 Spellcasting
 + Level 0.0 Conjurations
 + Level 0.0 Hexes
 + Level 0.0 Summonings
 + Level 0.0 Necromancy
 + Level 0.0 Translocations
 + Level 0.0 Transmutations
 + Level 0.0 Fire Magic
 + Level 0.0 Ice Magic
 + Level 0.0 Air Magic
 + Level 0.0 Earth Magic
 + Level 0.0 Poison Magic
 + Level 4.4 Invocations
 + Level 2.3 Evocations


You couldn't memorise any spells.
You didn't know any spells.
Your spell library was empty.

Dungeon Overview and Level Annotations

Branches:
Dungeon (1/15)

Altars:


Innate Abilities, Weirdness & Mutations

You have very sharp teeth.
Your uncanny sense of smell can sniff out nearby items.
Your experience applies equally to all skills.


Message History

Welcome, issech the Gnoll Wanderer.
Will you be the one to retrieve the majestic Orb of Zot from the depths?
Press ? for a list of commands and other information.
Found a hand axe.
Found a staircase leading out of the dungeon.
You begin with the following items: a +0 dagger, an atropa-tipped dart, 2 datura-tipped darts, a potion of lignification, a piece from Xom's chessboard (15/15), a +0 leather armour.
You can't see anything.
Try to make a move anyway?
You make a move on Xom's chessboard...
Nothing appears to happen.
An endoplasm comes into view.
The endoplasm quivers.
The endoplasm jiggles.
You hit the endoplasm but do no damage. The endoplasm freezes you.
You are frozen.
You hit the endoplasm but do no damage. The endoplasm barely misses you.
You hit the endoplasm.
The endoplasm is lightly wounded.
The endoplasm hits you.
You hit the endoplasm.
The endoplasm is heavily wounded.
The endoplasm barely misses you.
You hit the endoplasm but do no damage.
The endoplasm is heavily wounded.
The endoplasm closely misses you.
You hit the endoplasm but do no damage. You bite the endoplasm.
The endoplasm is almost dead.
The endoplasm freezes you.
You are frozen.
You hit the endoplasm but do no damage. You punch the endoplasm.
You kill the endoplasm!
Are you sure you want to abandon this character and quit the game? (Confirm with "yes".)

.. .. ... . #.# #.. ..
... ##...###.. ....
#.##....#....###.....
#..#.#....#.#........
####...#.#.##...........
........................
#####..@##.##...........
...................♣....
.........#.##.....8.....
......#.##.##...........
......#.##.#............
####.##.##.#.....<......
.. #.##.)............
.## #.##...####.......
.. #.....# ####....


There were no monsters in sight!

Vanquished Creatures
  An endoplasm (D:1)
1 creature vanquished.

Notes
Turn   | Place    | Note
-------+----------+-------------------------------------------
     0 | D:1      | issech the Gnoll Wanderer began the quest for the Orb.
     0 | D:1      | issech set off with the following items: a +0 dagger, an
                  | atropa-tipped dart, 2 datura-tipped darts, a potion of
                  | lignification, a piece from Xom's chessboard (15/15), a +0
                  | leather armour
     0 | D:1      | Reached XP level 1. HP: 13/13 MP: 3/3
    25 | D:1      | Quit the game

Illustrated notes

Levels and vault maps discovered:
D:1:      wander_arrival_peaceful_grave, layout_rooms, serial_shops,
          nicolae_shop_stone, minmay_fountain_box, minmay_statues_item,
          hangedman_decor_opposing, columned_hall_lemuel

Action                   || total
-------------------------++-------
Melee: Dagger            ||     7
       Punch             ||     1
       Bite              ||     1
Evoke: Piece from Xom's  ||     1
Dodge: Dodged            ||     3
